 Dungeon Crawl Stone Soup version 0.28-a0-834-g1a73be5ee4 (webtiles) character file.

Game seed: 13446521397736757386

12695 DrabberRogue the Frost Mage (level 12, 0/91 HPs)
             Began as a Human Ice Elementalist on Nov 11, 2021.
             Was a Priest of Sif Muna.
             Slain by an ice devil (4 damage)
             ... in an ice cave.
             The game lasted 01:35:22 (16413 turns).

DrabberRogue the Frost Mage (HuIE)                 Turns: 16413, Time: 01:35:23

Health: 0/91       AC: 16    Str: 14    XL:     12   Next: 23%
Magic:  17/19      EV: 14    Int: 30    God:    Sif Muna [***...]
Gold:   670        SH:  0    Dex: 13    Spells: 10/21 levels left

rFire   . . .      SeeInvis .   o - +7 quarterstaff "Paufadd" {vorpal, rF- rC+ Str+4}
rCold   + + .      Faith    .   (shield currently unavailable)
rNeg    + . .      Spirit   .   u - +2 ring mail {Will+}
rPois   +          Reflect  .   z - +1 hat of Foolhardiness {Int+4}
rElec   +          Harm     .   t - +0 cloak
rCorr   +          Rampage  .   m - +0 pair of gloves
Will    +....                   (no boots)
Stlth   +.........              a - amulet of magic regeneration
HPRegen 0.25/turn               j - ring of positive energy
MPRegen 0.41/turn               G - +6 ring of intelligence

@: ice-armoured, resistant, slowed, very slow
A: no striking features
a: Renounce Religion, Channel Magic, Forget Spell


You were in an ice cave.
You worshipped Sif Muna.
Sif Muna was most pleased with you.
You visited 3 branches of the dungeon, and saw 13 of its levels.
You also visited: Bailey and Ice Cave.

You collected 670 gold pieces.

Inventory:

Hand Weapons
 d - a +0 vorpal short sword
 h - a +0 dagger of venom
 n - a +2 short sword of freezing
 o - the +7 quarterstaff "Paufadd" (weapon) {vorpal, rF- rC+ Str+4}
   (You found it on level 5 of the Dungeon)

   It inflicts extra damage upon your enemies.
   Str:       It affects your strength (+4).
   rF:        It makes you vulnerable to fire.
   rC:        It protects you from cold.
 H - a +4 dagger
Armour
 m - a +0 pair of gloves (worn)
 s - the +0 ring mail "Riungaiz" {Int+3 Dex+5}
   (You found it on level 5 of the Dungeon)

   Int:       It affects your intelligence (+3).
   Dex:       It affects your dexterity (+5).
 t - a +0 cloak (worn)
 u - a +2 ring mail of willpower (worn)
 z - the +1 hat of Foolhardiness (worn) {Int+4}
   (You found it on level 8 of the Dungeon)

   Int:       It affects your intelligence (+4).
Jewellery
 a - an amulet of magic regeneration (around neck)
 g - an amulet of faith
 j - a ring of positive energy (left hand)
 v - a ring of positive energy
 G - a +6 ring of intelligence (right hand)
 K - a ring of flight
Wands
 l - a wand of paralysis (5)
 w - a wand of flame (22)
 y - a wand of polymorph (4)
 F - a wand of charming (11)
Scrolls
 b - 2 scrolls of noise {unknown}
 c - 5 scrolls of enchant armour
 x - 3 scrolls of fog
 C - a scroll of enchant weapon
 D - a scroll of holy word {unknown}
 E - a scroll of identify
 I - 2 scrolls of magic mapping {unknown}
 J - a scroll of teleportation
Potions
 f - a potion of might
 i - 3 potions of attraction
 k - a potion of brilliance {unknown}
 p - a potion of flight {unknown}
 q - 2 potions of magic
 A - 2 potions of resistance
 B - a potion of invisibility {unknown}


   Skills:
 + Level 7.6 Fighting
 - Level 10.0 Dodging
 - Level 2.0 Stealth
 - Level 5.0 Spellcasting
 - Level 10.0 Conjurations
 - Level 10.0 Ice Magic


You had 10 spell levels left.
You knew the following spells:

 Your Spells              Type           Power      Damage    Failure   Level
a - Freeze                Ice            100%       1d11      1%          1
b - Frozen Ramparts       Ice            100%       1d12      1%          3
c - Ozocubu's Armour      Ice            61%        N/A       1%          3
d - Hailstorm             Conj/Ice       61%        3d13      1%          4

Your spell library contained the following spells:

 Spells                   Type           Power      Damage    Failure   Level
 Ensorcelled Hibernation  Hex/Ice        74%        N/A       2%          2
 Static Discharge         Conj/Air       37%        N/A       2%          2
 Sticky Flame             Conj/Fire      37%        2d6       16%         4
 Passwall                 Tmut/Erth      5%         N/A       19%         2
 Spider Form              Tmut/Pois      7%         N/A       34%         3
 Swiftness                Air            7%         N/A       34%         3
 Dispel Undead            Necr           7%         3d8       75%         4


Dungeon Overview and Level Annotations

Branches:
Dungeon (11/15)            Temple (1/1) D:4            Lair (1/6) D:11
 Bailey (visited)           IceCv (1/1)
    Orc: D:9-12

Altars:
Ashenzari
Cheibriados
Dithmenos
Elyvilon
Fedhas
Gozag
Hepliaklqana
Kikubaaqudgha
Makhleb
Nemelex Xobeh
Okawaru
Qazlal
Ru
Sif Muna
Trog
Uskayaw
Vehumet
Wu Jian
Xom
Yredelemnul
Zin
The Shining One
Beogh

Annotations:
D:2 Sigmund
D:4 Edmund
D:9 Joseph
D:11 Erica


Message History

* * * LOW HITPOINT WARNING * * *
The ice devil hits you but does no damage.
Okay, then.
Okay, then.
Okay, then.
Okay, then.
Unknown command.
Your icy armour will break if you move.
Continue?
Your icy armour cracks and falls away as you move.
The ice devil barely misses you.
Okay, then.
Okay, then.
Okay, then.
Okay, then.
You feel better. The ice devil hits you.
* * * LOW HITPOINT WARNING * * *
The ice devil freezes you. You resist.
* * * LOW HITPOINT WARNING * * *
You feel better. The ice devil hits you.
* * * LOW HITPOINT WARNING * * *
The ice devil freezes you. You resist.
* * * LOW HITPOINT WARNING * * *
The ice devil completely misses you.
You feel better. The ice devil barely misses you. The ice devil hits you!
* * * LOW HITPOINT WARNING * * *
The ice devil freezes you. You resist.
* * * LOW HITPOINT WARNING * * *
You feel better. The ice devil completely misses you.
Casting: Ozocubu's Armour (safe; 1% risk of failure)
Confirm with . or Enter, or press ? or * to list all spells.
A film of ice covers your body! The ice devil misses you.
The ice devil hits you.
* * * LOW HITPOINT WARNING * * *
The ice devil freezes you. You resist.
* * * LOW HITPOINT WARNING * * *
You feel better. The ice devil hits you.
* * * LOW HITPOINT WARNING * * *
The ice devil freezes you. You resist.
You die...

#.#§### #§§☼..###
#§§§§○☼.#
#####☼○°..##
##..###§#.○##
##....#####..##
#.......##...°#
#.∩.∩....4..#......
#........@.###.....
##....##..## ##...
##..###### .. ####
.


You could see an ice devil.

Vanquished Creatures
  Erolcha (D:9)
  A centaur warrior (D:11)
  4 centaur zombies
  An unseen horror (D:11)
  A gargoyle (D:10)
  A freezing wraith (IceCv)
  A kobold demonologist (D:8)
  2 trolls (D:11)
  3 hornets
  A shadow (D:11)
  A vampire (D:11)
  5 yaks
  A wyvern (D:11)
  Eustachio (D:6)
  3 vampire mosquitoes (D:11)
  Menkaure (D:5)
  An acid dragon (D:9)
  6 water moccasins
  Pargi (D:4)
  2 necrophages
  12 orc warriors
  A sky beast (D:6)
  2 ogres
  2 black bears
  12 centaurs
  A kobold brigand (D:7)
  4 bullfrogs
  2 scorpions
  2 cane toad simulacra (IceCv)
  A water moccasin skeleton (D:6)
  9 killer bees (D:9)
  2 elephant simulacra (IceCv)
  4 wights (D:10)
  3 howler monkeys
  4 hounds
  3 jellies
  7 orc priests
  A gnoll shaman (D:7)
  A centaur skeleton (D:5)
  Jessica (D:2)
  A bullfrog skeleton (D:4)
  Ijyb (D:4)
  2 iguanas (D:5)
  10 orc wizards
  A hound skeleton (D:4)
  A howler monkey zombie (D:9)
  4 gnolls (D:7)
  8 adders
  A shadow imp (D:7)
  14 white imps
  3 ufetubi
  A worm (D:2)
  3 dart slugs
  65 orcs
  11 endoplasms
  5 giant cockroaches
  13 goblins
  3 hobgoblins
  20 kobolds
  3 quokkas
  12 ball pythons
  5 bats
  7 frilled lizards
  3 rats
309 creatures vanquished.

Vanquished Creatures (collateral kills)
  2 centaurs (D:11)
2 creatures vanquished.

Vanquished Creatures (others)
  41 fungi
  26 plants
67 creatures vanquished.

Grand Total: 378 creatures vanquished

Notes
Turn   | Place    | Note
-------+----------+-------------------------------------------
     0 | D:1      | DrabberRogue the Human Ice Elementalist began the quest for
                  | the Orb.
     0 | D:1      | Reached XP level 1. HP: 13/13 MP: 3/3
   180 | D:1      | Reached XP level 2. HP: 11/19 MP: 0/5
   671 | D:1      | Reached XP level 3. HP: 24/24 MP: 4/6
   962 | D:1      | Reached skill level 5 in Ice Magic
  1424 | D:1      | Learned a level 3 spell: Frozen Ramparts
  1426 | D:2      | Noticed Jessica
  1576 | D:2      | Found a shimmering altar of Xom.
  1909 | D:2      | Reached XP level 4. HP: 20/30 MP: 1/7
  2002 | D:2      | Noticed Sigmund
  2047 | D:2      | Killed Jessica
  2096 | D:2      | Learned a level 3 spell: Ozocubu's Armour
  2134 | D:2      | Reached XP level 5. HP: 30/35 MP: 3/10
  2437 | D:2      | Found a faded altar of an unknown god.
  2929 | D:3      | Noticed a sky beast
  3800 | D:4      | Reached XP level 6. HP: 41/41 MP: 2/12
  4136 | D:4      | Reached skill level 5 in Spellcasting
  4219 | D:4      | Noticed Edmund
  5171 | D:4      | Noticed Ijyb
  5182 | D:4      | Killed Ijyb
  5343 | D:4      | Noticed Pargi
  5350 | D:4      | Found a stormy altar of Qazlal.
  5498 | D:4      | Reached XP level 7. HP: 46/46 MP: 6/14
  5765 | D:4      | Killed Pargi
  5836 | D:4      | Found a staircase to the Ecumenical Temple.
  5844 | Temple   | Entered the Ecumenical Temple
  6184 | D:5      | Entered Level 5 of the Dungeon
  6227 | D:5      | Reached skill level 5 in Dodging
  6291 | D:5      | Reached skill level 1 in Fighting
  6296 | D:5      | Identified the +7 quarterstaff "Paufadd" {vorpal, rF- rC+
                  | Str+4}
  6470 | D:5      | Noticed Menkaure
  6786 | D:5      | Noticed a water moccasin
  6792 | D:5      | Killed a water moccasin
  6793 | D:5      | Reached XP level 8. HP: 49/60 MP: 4/15
  7048 | D:5      | Reached skill level 5 in Fighting
  7182 | D:5      | Killed Menkaure
  7344 | D:5      | Identified the +0 ring mail "Riungaiz" {Int+3 Dex+5}
  7663 | D:6      | Noticed Eustachio
  7726 | D:6      | Killed Eustachio
  7727 | D:6      | Reached XP level 9. HP: 38/68 MP: 4/16
  8881 | D:7      | Found a burning altar of Makhleb.
  9465 | D:7      | Learned a level 4 spell: Hailstorm
  9469 | D:8      | Noticed a kobold demonologist
  9552 | D:8      | Found a shimmering blue altar of Sif Muna.
  9559 | D:8      | Became a worshipper of Sif Muna the Loreminder
  9607 | D:8      | Reached skill level 10 in Ice Magic
  9617 | D:8      | Reached skill level 1 in Conjurations
  9848 | D:8      | Identified the +1 hat of Foolhardiness {Int+4}
  9937 | D:8      | Found a flagged portal.
  9945 | D:8      | Noticed a red devil
  9946 | Bailey   | Entered a bailey
 10067 | Bailey   | Reached * piety under Sif Muna
 10068 | Bailey   | Reached XP level 10. HP: 74/74 MP: 7/17
 10080 | Bailey   | Reached skill level 5 in Conjurations
 10533 | Bailey   | Noticed an orc knight
 10543 | Bailey   | Noticed an orc knight
 10547 | Bailey   | Noticed an orc knight
 10568 | D:8      | Noticed a rust devil
 10937 | D:8      | Found a snail-covered altar of Cheibriados.
 11364 | D:9      | Noticed Erolcha
 11379 | D:9      | Killed Erolcha
 11712 | D:9      | Reached ** piety under Sif Muna
 11754 | D:9      | Noticed a two-headed ogre
 11924 | D:8      | Noticed an orange demon
 12083 | D:9      | Reached XP level 11. HP: 63/79 MP: 15/18
 12268 | D:9      | You fall into a shaft and drop 1 floor!
 12268 | D:10     | Entered Level 10 of the Dungeon
 12320 | D:10     | Noticed a two-headed ogre
 12631 | D:10     | Reached skill level 10 in Conjurations
 12732 | D:9      | Noticed Joseph
 12969 | D:9      | Found a white marble altar of Elyvilon.
 13332 | D:9      | Found a glowing golden altar of the Shining One.
 14311 | D:10     | Found a shimmering altar of Xom.
 14902 | D:11     | Found a staircase to the Lair.
 15287 | D:11     | Noticed a centaur warrior
 15322 | D:11     | Killed a centaur warrior
 15326 | D:11     | Reached skill level 10 in Dodging
 15553 | D:11     | Noticed a two-headed ogre
 15695 | D:11     | Noticed Erica
 15744 | D:11     | Reached XP level 12. HP: 87/87 MP: 14/19
 16058 | Lair:1   | Entered Level 1 of the Lair of Beasts
 16109 | Lair:1   | Reached *** piety under Sif Muna
 16294 | Lair:1   | Found a frozen archway.
 16308 | IceCv    | Entered an ice cave
 16410 | IceCv    | HP: 4/91 [ice devil (4)]
 16412 | IceCv    | HP: 1/91 [ice devil (6)]
 16413 | IceCv    | Slain by an ice devil

Illustrated notes

Levels and vault maps discovered:
D:1:      minmay_arrival_shattered_statue, layout_loops_corners
D:2:      layout_rooms, hellmonk_ecumenical_altar_prayer_group, basic_altar,
          st_stairs_8, minmay_cupped, uniq_sigmund, uniq_jessica
D:3:      layout_loops_ring
D:4:      layout_cave_pools, kennysheep_little_box,
          minmay_temple_entry_glassed_door, saegor_snake_ambush, uniq_edmund,
          uniq_ijyb, uniq_pargi
D:5:      layout_basic, minmay_circle_x, uniq_menkaure
D:6:      layout_gridville, roderic_serpentine_path, uniq_eustachio
D:7:      layout_basic, amcnicky_altar_gilded, grunt_ministairs_11
D:8:      layout_cave_pools, mainiacjoe_overflow_catwalk, enter_bailey_6,
          kennysheep_flooded_box, david_defended_altar_orc
D:9:      layout_layer_cave, tso_altar, mainiacjoe_overflow_alcove_4,
          uniq_joseph, uniq_erolcha
D:10:     layout_irregular_city, marbit_many_paths
D:11:     layout_roguey, due_lair_maze_entry_diamond, uniq_erica
Temple:   kb_temple_of_zot
Lair:1:   layout_gridlike, serial_rivers, chequers_serial_rivers_small_3,
          chequers_serial_rivers_large_b, chequers_serial_rivers_micro_d,
          chequers_serial_rivers_room_b, portal_ice_cave_entry_imps,
          infiniplex_staircase_pool, lemuel_fruit_fields
IceCv:    ice_cave_small_necro

Skill      XL: |  1  2  3  4  5  6  7  8  9 10 11 12 |
---------------+-------------------------------------+-----
Ice Magic      | 5 7 10 | 10.0
Spellcasting   | 3 4 5 |  5.0
Dodging        | 3 5 10 | 10.0
Fighting       | 3 5 7 |  7.6
Conjurations   | 3 9 10 | 10.0
Stealth        | |  2.0

Action                   |  1- 3 |  4- 6 |  7- 9 | 10-12 || total
-------------------------+-------+-------+-------+-------++-------
Melee: Short sword       |       |    20 |     7 |       ||    27
       Quarterstaff      |       |       |   109 |   212 ||   321
 Cast: Freeze            |    64 |    65 |    14 |       ||   143
       Frozen Ramparts   |       |    19 |    35 |    31 ||    85
       Ozocubu's Armour  |       |     9 |    38 |    50 ||    97
       Hailstorm         |       |       |     3 |    41 ||    44
Invok: Channel Magic     |       |       |       |     1 ||     1
  Use: Scroll            |       |     6 |     3 |     8 ||    17
       Potion            |       |       |       |    13 ||    13
 Stab: Sleeping          |       |       |     1 |       ||     1
Armor: Robe              |    15 |    21 |    23 |       ||    59
       Ring mail         |       |       |    57 |   204 ||   261
Dodge: Dodged            |    17 |    36 |   156 |   252 ||   461

Table legend: (Time is in decaauts)
 A = Elapsed time spent in this place.
 B = Non-inter-level travel time spent in this place.
 C = Inter-level travel time spent in this place.
 D = Time resting spent in this place.
 E = Time spent auto-exploring this place.
 F = Levels seen in this place.
 G = Mean time per level.
                   A        B        C        D        E       F      G
               +--------+--------+--------+--------+--------+-----+--------+
         Total |  16569 |  16379 |    190 |   3190 |   8281 |  15 | 1104.6 |
       Dungeon |  15387 |  15197 |    190 |   2782 |   7972 |  11 | 1398.8 |
        Temple |    181 |    181 |      0 |      0 |     80 |   1 |  181.0 |
          Lair |    261 |    261 |      0 |     28 |    146 |   1 |  261.0 |
        Bailey |    622 |    622 |      0 |    353 |     51 |   1 |  622.0 |
      Ice Cave |    116 |    116 |      0 |     27 |     32 |   1 |  116.0 |
               +--------+--------+--------+--------+--------+-----+--------+

Top non-repeatable levels by time:
     D:1: 1795 daAuts
     D:4: 1706 daAuts
     D:9: 1675 daAuts
    D:11: 1470 daAuts
    D:10: 1455 daAuts
     D:2: 1387 daAuts
     D:3: 1353 daAuts
     D:6: 1212 daAuts
     D:5: 1211 daAuts
     D:8: 1136 daAuts
     D:7: 982 daAuts
  Bailey: 622 daAuts
  Lair:1: 261 daAuts
  Temple: 181 daAuts
   IceCv: 116 daAuts
